 Dungeon Crawl Stone Soup version 0.24.0-13-gcf9b3192b9 (webtiles) character file.

Game seed: 11596353140239239291, levelgen mode: deterministic

46 Alabard the Sneak (level 3, -4/31 HPs)
             Began as a Gnoll Wanderer on Nov 8, 2019.
             Killed from afar by Sigmund (9 damage)
             ... with a magic dart
             ... on level 2 of the Dungeon.
             The game lasted 00:10:06 (1253 turns).

Alabard the Sneak (Gnoll Wanderer)                  Turns: 1253, Time: 00:10:06

Health: -4/31      AC:  2    Str: 15    XL:     3   Next: 68%
Magic:  7/7        EV: 12    Int: 13    God:
Gold:   75         SH:  0    Dex: 15    Spells: 3/7 levels left

rFire    . . .     SeeInvis .   m - +3 dagger (venom)
rCold    . . .     Gourm    .   (no shield)
rNeg     . . .     Faith    .   e - +0 robe
rPois    .         Spirit   .   (no helmet)
rElec    .         Reflect  .   (no cloak)
rCorr    .         Harm     .   (no gloves)
MR       .....                  (no boots)
Stlth    +++.......             (no amulet)
HPRegen  0.10/turn              (no ring)
MPRegen  0.10/turn              (no ring)

@: no status effects
A: distributed training, fangs 1, strong nose
a: no special abilities


You were on level 2 of the Dungeon.
You were hungry.

You visited 1 branch of the dungeon, and saw 2 of its levels.

You collected 75 gold pieces.

Inventory:

Hand Weapons
 m - a +3 dagger of venom (weapon)
Armour
 e - a +0 robe (worn)
 o - a cursed +0 scale mail
Scrolls
 a - 2 scrolls of remove curse {unknown}
 b - a scroll of blinking
 i - 2 scrolls of identify
Potions
 c - a potion of agility {unknown}
 d - a potion of brilliance {unknown}
 j - a potion of flight {unknown}
 k - a potion of magic {unknown}
Comestibles
 f - 6 rations


   Skills:
 + Level 4.5 Fighting
 + Level 2.6 Short Blades
 + Level 0.9 Long Blades
 + Level 0.9 Axes
 + Level 0.9 Maces & Flails
 + Level 0.9 Polearms
 + Level 0.9 Staves
 + Level 0.9 Slings
 + Level 0.9 Bows
 + Level 0.9 Crossbows
 + Level 0.9 Throwing
 + Level 0.9 Armour
 + Level 0.9 Dodging
 + Level 6.0 Stealth
 + Level 2.6 Shields
 + Level 0.9 Unarmed Combat
 + Level 2.8 Spellcasting
 + Level 0.6 Conjurations
 + Level 0.6 Hexes
 + Level 0.6 Charms
 + Level 0.6 Summonings
 + Level 0.6 Necromancy
 + Level 0.6 Translocations
 + Level 3.8 Transmutations
 + Level 0.6 Fire Magic
 + Level 0.6 Ice Magic
 + Level 0.6 Air Magic
 + Level 0.6 Earth Magic
 + Level 0.6 Poison Magic
 + Level 1.0 Invocations
 + Level 0.9 Evocations


You had 3 spell levels left.
You knew the following spells:

 Your Spells              Type           Power        Failure   Level  Hunger
a - Sticks to Snakes      Tmut           ##......     8%          2    ###....
b - Passwall              Tmut/Erth      #.......     14%         2    ###....

Your spell library contained the following spells:

 Spells                   Type           Power        Failure   Level  Hunger


Dungeon Overview and Level Annotations

Branches:
Dungeon (2/15)

Altars:

Annotations:
D:2 Sigmund


Innate Abilities, Weirdness & Mutations

Your experience applies equally to all skills.
You have very sharp teeth.
Your uncanny sense of smell can sniff out nearby items.


Message History

A goblin comes into view.
Found a stone staircase leading up.
Found a stone staircase leading up.
Found a spear.
The goblin shouts!
You hear a shout!
Sigmund the Dreaded comes into view.
He is wielding a +0 scythe.
The goblin hits you.
Found a short sword and a scroll of enchant weapon.
You closely miss the goblin. The goblin closely misses you.
Sigmund gestures wildly while chanting.
Sigmund flickers and vanishes!
Deactivating autopickup; reactivate with Ctrl-A.
You barely miss the goblin. You barely miss the goblin.
The goblin closely misses you. Something hits you!
The goblin hits you but does no damage. The goblin hits you.
Something hits you!
* * * LOW HITPOINT WARNING * * *
A magic dart appears from out of thin air!
The magic dart hits you!
You die...

...)........#.##
...<.#....#..
....#..#..###
#..#........
#%.........
#...#..###.#
#.#...>....#
#.#..g#.#############
#....@#.#...........#
#######
#.......#.#########.#
.......
#.###.#....).#......#
....... . #.
#.#.#....#.######
...... .. #.
#.#.######.# .....#
... # <...# #....#
.###.#... #....
#.#### .###..# #####
#.# ....#.## #.#


You could see a goblin.

Vanquished Creatures
  2 adders (D:2)
  A bat (D:1)
  2 giant cockroaches
  4 goblins
  4 hobgoblins
  6 kobolds
  A ball python (D:1)
  3 frilled lizards (D:1)
  5 rats
28 creatures vanquished.

Notes
Turn   | Place    | Note
-------+----------+-------------------------------------------
     0 | D:1      | Alabard the Gnoll Wanderer began the quest for the Orb.
     0 | D:1      | Alabard set off with the following items: a +2 dagger, a
                  | scroll of blinking, a potion of curing, a +0 robe, a
                  | ration; and the following spells available to memorise:
                  | Sticks to Snakes, Passwall
     0 | D:1      | Reached XP level 1. HP: 20/20 MP: 4/4
   172 | D:1      | Reached XP level 2. HP: 23/26 MP: 5/5
   685 | D:2      | Reached XP level 3. HP: 31/31 MP: 7/7
   725 | D:2      | Learned a level 2 spell: Sticks to Snakes
   728 | D:2      | Learned a level 2 spell: Passwall
   773 | D:2      | Reached skill level 6 in Stealth
   990 | D:2      | Reached skill level 1 in Invocations
  1244 | D:2      | Noticed Sigmund
  1253 | D:2      | Killed from afar by Sigmund

Levels and vault maps discovered:
D:1:      shiori_arrival_oz, layout_loops_ring
D:2:      lemuel_upstairs_altar, layout_basic, first_ration, uniq_sigmund

Skill      XL: |  1  2  3 |
---------------+----------+-----
Stealth        | 6 |  6.0
Invocations    | 1 |  1.0
Fighting       | |  4.5
Short Blades   | |  2.6
Long Blades    | |  0.9
Axes           | |  0.9
Maces & Flails | |  0.9
Polearms       | |  0.9
Staves         | |  0.9
Slings         | |  0.9
Bows           | |  0.9
Crossbows      | |  0.9
Throwing       | |  0.9
Armour         | |  0.9
Dodging        | |  0.9
Shields        | |  2.6
Unarmed Combat | |  0.9
Spellcasting   | |  2.8
Conjurations   | |  0.6
Hexes          | |  0.6
Charms         | |  0.6
Summonings     | |  0.6
Necromancy     | |  0.6
Translocations | |  0.6
Transmutations | |  3.8
Fire Magic     | |  0.6
Ice Magic      | |  0.6
Air Magic      | |  0.6
Earth Magic    | |  0.6
Poison Magic   | |  0.6
Evocations     | |  0.9

Action                   || total
-------------------------++-------
Melee: Dagger            ||    64
       Bite              ||     4
  Use: Scroll            ||     4
       Potion            ||     1
 Stab: Sleeping          ||     6
Armor: Robe              ||     8
Dodge: Dodged            ||    29
